 Dungeon Crawl Stone Soup version 0.28.0-1-gb440e238dd (webtiles) character file.

Game seed: 2959057327055914721

557 chmiii the Cudgeller (level 7, -5/68 HPs)
             Began as a Troll Hunter on Feb 22, 2022.
             Slain by Duvessa (14 damage)
             ... on level 4 of the Dungeon.
             The game lasted 00:12:01 (3486 turns).

chmiii the Cudgeller (Troll Hunter)                 Turns: 3486, Time: 00:12:01

Health: -5/68      AC:  4    Str: 21    XL:     7   Next: 9%
Magic:  6/6        EV: 10    Int:  7    God:
Gold:   225        SH:  0    Dex: 12    Spells: 6/6 levels left

rFire   . . .      SeeInvis .   b - +3 hunting sling (venom)
rCold   + . .      Faith    .   (no shield)
rNeg    . . .      Spirit   .   g - +0 robe
rPois   .          Reflect  .   (helmet restricted)
rElec   .          Harm     .   (no cloak)
rCorr   .          Rampage  .   (gloves unavailable)
Will    .....                   (boots unavailable)
Stlth   +.........              (no amulet)
HPRegen 1.01/turn               e - ring of protection from cold
MPRegen 0.10/turn               (no ring)

@: no status effects
A: large, unfitting armour, claws 3, regeneration 1, shaggy fur 1, tough skin 1
a: no special abilities


You were on level 4 of the Dungeon.
You visited 1 branch of the dungeon, and saw 4 of its levels.

You collected 225 gold pieces.

Inventory:

Hand Weapons
 b - a +3 hunting sling of venom (weapon)
 i - a +1 whip of flaming
Missiles
 c - 5 large rocks
 d - 2 throwing nets
 k - 120 stones (quivered ammo)
 r - 4 poisoned darts
Armour
 g - a +0 robe (worn)
Jewellery
 e - a ring of protection from cold (left claw)
 j - a ring of magical power
 q - a ring of willpower
Wands
 o - a wand of digging (4)
Scrolls
 f - a scroll of blinking
 t - a scroll of teleportation
 u - 2 scrolls of amnesia
 x - 2 scrolls of brand weapon
Potions
 a - a potion of lignification {unknown}
 h - a potion of berserk rage {unknown}
 l - 2 potions of curing
 m - a potion of flight {unknown}
 n - 3 potions of ambrosia {unknown}
 p - a potion of heal wounds {unknown}
 s - a potion of attraction {unknown}
 v - a potion of degeneration {unknown}
 w - 2 potions of brilliance {unknown}


   Skills:
 + Level 3.9 Fighting
 * Level 5.5 Maces & Flails
 - Level 3.6 Throwing
 - Level 1.5 Dodging
 - Level 0.3 Stealth


You had 6 spell levels left.
You didn't know any spells.
Your spell library contained the following spells:

 Spells                   Type           Power      Damage    Failure   Level
 Inner Flame              Hex/Fire       0%         N/A       80%         3
 Cause Fear               Hex            0%         N/A       99%         4
 Discord                  Hex            0%         N/A       100%        8


Dungeon Overview and Level Annotations

Branches:
Dungeon (4/15)
 Temple: D:4-7

Altars:
Sif Muna
Yredelemnul

Annotations:
D:3 3 runed translucent doors, SuperSeabass's ghost, amateur MfGl
D:4 Duvessa


Innate Abilities, Weirdness & Mutations

You are too large for most types of armour.
You have claws for hands.
Your natural rate of healing is unusually fast.
You are covered in fur. (AC +1)
You have tough skin. (AC +1)


Message History

You scratch Dowan.
Dowan is almost dead.
You feel very sick. Dowan barely misses you.
You scratch Dowan.
You kill Dowan!
You hear a distant scream of rage.
You feel very sick.
Duvessa, Sister of Dowan comes into view.
She is wielding a +0 short sword.
You have reached level 7!
You feel very sick.
Duvessa shouts!
Duvessa goes berserk!
You feel sick.
You feel sick.
You feel sick.
You feel sick.
You feel sick.
You feel sick.
You are no longer glowing.
You feel sick.
You are no longer poisoned.
You hear a shout!
Duvessa rages.
Duvessa hits you with a +0 short sword!
* * * LOW HITPOINT WARNING * * *
You feel better. Duvessa misses you. Duvessa hits you with a +0 short sword!
* * * LOW HITPOINT WARNING * * *
Duvessa hits you with a +0 short sword!
* * * LOW HITPOINT WARNING * * *
Your +3 hunting sling of venom begins to drip with poison!
b - a +3 hunting sling of venom (weapon)
Fire: 121 stones
Press: ? - help, Q - select action, (/) - cycle Shift-Dir - straight line, f - Duvessa
Aim: Duvessa, wielding a +0 short sword and wearing a +0 ring mail (berserk, 69% to hit)
You shoot a stone. The stone hits Duvessa.
Duvessa is lightly wounded.
Duvessa hits you with a +0 short sword!
You die...

... #.#.#.# #.# ###
#.#.#.# #.# ### #.#.#.#
#.# ..( ..#.#.###.##
... ....#.##...### #.#
##....##...... . #.#
#g#####...### ...####.#
#.# ##### #....(@# #g#
..#####)e# #o#
_.....'..# #o# #.#####
..#####..####.#
#.....#####...........#
#####.).....##.#.######
#..##...#.##...
##.####..#####.# #...#
#.## .#


You could see Duvessa (berserk).

Vanquished Creatures
  A steam dragon (D:4)
  A scorpion (D:4)
  Dowan (D:4)
  A scorpion zombie (D:3)
  2 iguanas (D:4)
  Terence (D:3)
  Natasha (thrice) (D:2)
  10 adders
  2 orcs
  8 bats
  7 endoplasms
  2 giant cockroaches
  5 goblins
  6 hobgoblins
  4 jackals (D:3)
  6 quokkas
  8 ball pythons
  A ball python zombie (D:3)
  2 frilled lizards (D:2)
  3 kobolds
  A rat (D:1)
75 creatures vanquished.

Notes
Turn   | Place    | Note
-------+----------+-------------------------------------------
     0 | D:1      | chmiii the Troll Hunter began the quest for the Orb.
     0 | D:1      | Reached XP level 1. HP: 19/19 MP: 0/0
    65 | D:1      | Reached skill level 1 in Maces & Flails
   147 | D:1      | Reached XP level 2. HP: 28/28 MP: 1/1
  1003 | D:2      | Noticed Natasha
  1012 | D:2      | Killed Natasha
  1013 | D:2      | Reached skill level 2 in Maces & Flails
  1013 | D:2      | Reached XP level 3. HP: 21/35 MP: 2/2
  1137 | D:2      | Noticed Natasha
  1147 | D:2      | Killed Natasha
  1148 | D:2      | Reached XP level 4. HP: 26/44 MP: 3/3
  1346 | D:2      | Noticed Natasha
  1356 | D:2      | Killed Natasha
  1357 | D:2      | Reached skill level 3 in Maces & Flails
  1803 | D:2      | Reached XP level 5. HP: 49/50 MP: 4/4
  2117 | D:3      | Noticed Terence
  2131 | D:3      | Killed Terence
  2132 | D:3      | Reached skill level 4 in Maces & Flails
  2552 | D:3      | Found a runed translucent gate.
  2552 | D:3      | Found a runed translucent gate.
  2552 | D:3      | Found a runed translucent gate.
  2552 | D:3      | Noticed SuperSeabass's ghost (amateur MfGl)
  2554 | D:3      | Found a basalt altar of Yredelemnul.
  2701 | D:3      | Reached XP level 6. HP: 61/61 MP: 5/5
  3024 | D:4      | Noticed a steam dragon
  3031 | D:4      | Killed a steam dragon
  3032 | D:4      | Reached skill level 5 in Maces & Flails
  3448 | D:4      | Found a shimmering blue altar of Sif Muna.
  3449 | D:4      | Noticed Dowan
  3469 | D:4      | Killed Dowan
  3469 | D:4      | Noticed Duvessa
  3470 | D:4      | Reached XP level 7. HP: 21/68 MP: 6/6
  3486 | D:4      | Slain by Duvessa

Illustrated notes

Levels and vault maps discovered:
D:1:      dpeg_arrival_stonehenge_8_columns, layout_basic
D:2:      minmay_chambers_of_twos, layout_loops_corners,
          chequers_decorated_corner, corner_web_ring, minmay_split_cup_large,
          uniq_natasha
D:3:      layout_loops_ring, nicolae_yredelemnul_ghost_church,
          serial_park_tiny_2, roderic_lattice_a, uniq_terence
D:4:      layout_loops_ring, mainiacjoe_overflow_surrounded_room, uniq_duvessa

Skill      XL: |  1  2  3  4  5  6 |
---------------+-------------------+-----
Maces & Flails | 1 2 3 4 5 |  5.5
Fighting       | 2 3 |  3.9
Throwing       | |  3.6
Dodging        | |  1.5
Stealth        | |  0.3

Action                   |  1- 3 |  4- 6 |  7- 9 || total
-------------------------+-------+-------+-------++-------
Melee: Unarmed           |    93 |   167 |       ||   260
       Punch             |     3 |       |       ||     3
 Fire: Hunting sling     |       |    41 |     1 ||    42
Throw: Large rock        |     2 |     2 |       ||     4
  Use: Scroll            |       |     6 |       ||     6
       Potion            |       |       |     1 ||     1
 Stab: Sleeping          |     1 |     1 |       ||     2
Armor: Robe              |    36 |    54 |       ||    90
Dodge: Dodged            |    45 |    75 |     1 ||   121
